 Dungeon Crawl Stone Soup version 0.17.1-3-g152610e (webtiles) character file.

315 Jerry the Shield-Bearer (level 6, -3/47 HPs)
             Began as a Formicid Fighter on Apr 6, 2016.
             Killed from afar by Natasha (9 damage)
             ... with a wand of frost
             ... on level 3 of the Dungeon.
             The game lasted 00:07:26 (2654 turns).

Jerry the Shield-Bearer (Formicid Fighter)          Turns: 2654, Time: 00:07:26

Health: -3/47      AC:  7    Str: 20    XL:     6   Next: 72%
Magic:  6/6        EV:  8    Int:  8    God:
Gold:   102        SH: 10    Dex: 12    Spells: 0 memorised, 5 levels left

rFire  . . .     SeeInvis +     a - +0 war axe
rCold  . . .     Clarity  .     b - +0 scale mail
rNeg   + . .     SustAt   .     c - +0 shield
rPois  .         Gourm    .     (helmet unavailable)
rElec  .         Spirit   .     (no cloak)
rCorr  .         Warding  +     (no gloves)
rMut   .         Stasis   +     (no boots)
MR     .....                    h - amulet of warding
Stlth  ..........               (no ring)
                                l - ring of invisibility

@: not resistant to hostile enchantments, extremely unstealthy
A: permanent stasis, dig shafts and tunnels, four strong arms, antennae 3
a: Dig, Shaft Self, Evoke Invisibility


You were on level 3 of the Dungeon.
You were not hungry.

You visited 1 branch of the dungeon, and saw 3 of its levels.

You collected 102 gold pieces.

Inventory:

Hand Weapons
 a - a +0 war axe (weapon)
Armour
 b - a +0 scale mail (worn)
 c - a +0 shield (worn)
Jewellery
 h - an amulet of warding (around neck)
 l - a ring of invisibility (left hand)
 r - an uncursed amulet of resist mutation {unknown}
Scrolls
 f - 2 scrolls of remove curse
 i - a scroll of fear {unknown}
 k - 2 scrolls of identify {unknown}
 o - 2 scrolls of teleportation {unknown}
 p - a scroll of amnesia {unknown}
 s - 2 scrolls of random uselessness {unknown}
Potions
 d - a potion of poison {unknown}
 j - a potion of cancellation {unknown}
 n - 3 potions of curing {unknown}
 q - a potion of flight {unknown}
 u - a potion of agility {unknown}
Comestibles
 e - 4 bread rations
 g - 2 meat rations
 m - 3 fruits
 t - a chunk of flesh
 v - a slice of pizza


   Skills:
 - Level 3.2 Fighting
 + Level 3.9 Axes
 + Level 5.2 Armour
 + Level 5.7 Shields


You had 5 spell levels left.
You didn't know any spells.

Dungeon Overview and Level Annotations

Branches:
Dungeon (3/15)

Altars:
Ashenzari
Sif Muna

Annotations:
D:3 Natasha


Innate Abilities, Weirdness & Mutations

You are under a permanent stasis effect.
You can dig through walls and to a lower floor.
Your four strong arms can wield two-handed weapons with a shield.
You have a pair of large antennae on your head (SInv).


Message History

Natasha zaps a wand.
You block the puff of frost. Natasha claws you.
You barely miss Natasha.
Natasha is heavily wounded.
Natasha zaps a wand.
The puff of frost hits you!
You barely miss Natasha.
Natasha is heavily wounded.
Natasha claws you!
You closely miss Natasha.
Natasha is heavily wounded.
Natasha barely misses you.
Natasha zaps a wand.
The puff of frost hits you!
* * * LOW HITPOINT WARNING * * *
You are too injured to fight recklessly!
You hit Natasha but do no damage.
Natasha is heavily wounded.
Natasha claws you.
* * * LOW HITPOINT WARNING * * *
You completely miss Natasha.
Natasha is moderately wounded.
Natasha zaps a wand.
The puff of frost hits you!
You die...

#..........###.........).#......#
......<........###......##.......
............#. .......#.##......#
..รท.........#
##.................
..[.........###.........###.###..
...................#........###..
....#.............###............
...##.......##.h..#####..........
### #...........@................
#.........#..........[.......
#.####......#................
#.........###..........#.....
#.........# #................
###.........# #..>.......####..
###...........# #..........##....
......#.......###..........#.....
.....>#........###...<...#...#...


You could see Natasha.

Vanquished Creatures
  Sigmund (D:2)
  The ghost of LonesomeOreo the Firebug, a weakling DsFE (D:3)
  Natasha (twice) (D:3)
  3 adders
  An ooze (D:3)
  5 giant geckos
  2 orcs (D:3)
  2 giant cockroaches
  3 goblins
  4 hobgoblins
  3 quokkas
  8 bats
  A giant newt (D:2)
  6 kobolds
  13 rats
55 creatures vanquished.

Notes
Turn   | Place    | Note
--------------------------------------------------------------
     0 | D:1      | Jerry the Formicid Fighter began the quest for the Orb.
     0 | D:1      | Reached XP level 1. HP: 18/18 MP: 1/1
   286 | D:1      | Reached XP level 2. HP: 24/24 MP: 2/2
   699 | D:2      | Reached skill level 4 in Shields
   729 | D:2      | Reached XP level 3. HP: 29/29 MP: 3/3
   832 | D:2      | HP: 1/29 [poisoned by an adder]
   895 | D:2      | Noticed Sigmund
   907 | D:2      | Killed Sigmund
   907 | D:2      | Reached skill level 5 in Shields
   907 | D:2      | Reached XP level 4. HP: 15/35 MP: 4/4
   907 | D:2      | Reached XP level 5. HP: 17/41 MP: 5/5
   907 | D:2      | Reached XP level 6. HP: 19/47 MP: 6/6
  1645 | D:2      | Found a shattered altar of Ashenzari.
  1756 | D:3      | Noticed LonesomeOreo's ghost (weakling DsFE)
  1769 | D:3      | Killed LonesomeOreo's ghost
  1769 | D:3      | Reached skill level 5 in Armour
  2377 | D:3      | Noticed Natasha
  2386 | D:3      | Killed Natasha
  2458 | D:3      | Noticed Natasha
  2464 | D:3      | Killed Natasha
  2609 | D:3      | Found a deep blue altar of Sif Muna.
  2642 | D:3      | Noticed Natasha
  2654 | D:3      | Killed from afar by Natasha

Action                   |  1- 3 |  4- 6 || total
-------------------------+-------+-------++-------
Melee: War axe           |    99 |   120 ||   219
  Use: Potion            |     2 |       ||     2
       Scroll            |     1 |       ||     1
  Eat: Chunk             |       |     6 ||     6
